 Dungeon Crawl Stone Soup version 0.29-a0-233-g1125b37a9b (webtiles) character file.

Game seed: 10411004119351138369

214681 iguanaiguana the Timeless (level 18, -1/140 HPs)
             Began as a Palentonga Warper on Feb 25, 2022.
             Was a High Priest of Cheibriados.
             Killed from afar by browni3141's ghost (34 damage)
             ... with a bolt of lightning
             ... on level 4 of the Spider Nest on Mar 1, 2022.
             The game lasted 02:58:23 (36569 turns).

iguanaiguana the Timeless (Palentonga Warper)      Turns: 36569, Time: 02:58:24

Health: -1/140     AC: 31    Str: 38    XL:     18   Next: 30%
Magic:  30/30      EV: 14    Int: 33    God:    Cheibriados [*****.]
Gold:   2189       SH: 18    Dex: 41    Spells: 7/33 levels left

rFire   . . .      SeeInvis +   r - +11 rapier of Qayc {flame, rC- Str+4 Dex+8 Stlth+}
rCold   x . .      Faith    .   y - +1 kite shield {rPois}
rNeg    . . .      Spirit   .   S - +3 leather armour {Will+}
rPois   +          Reflect  .   n - +2 hat "Epeid" {Str+4 Int+2}
rElec   .          Harm     .   w - +0 cloak
rCorr   .          Rampage  .   U - +2 pair of gloves {Dex+3}
Will    ++...                   g - +4 barding
Stlth   +++++.....              M - amulet of regeneration
HPRegen 1.13/turn               E - ring of flight
MPRegen 0.22/turn               X - +6 ring of dexterity

@: flying, curled up, very slow
A: large, rugged brown scales 3, see invisible, deformed body, roll 1, armoured
tail, reflexive curl
}: 1/15 runes: gossamer
a: Rolling Charge, Renounce Religion, Bend Time, Temporal Distortion, Slouch,
Step From Time


You were on level 4 of the Spider Nest.
You worshipped Cheibriados.
Cheibriados was extremely pleased with you.
You visited 5 branches of the dungeon, and saw 28 of its levels.
You also visited: Bailey and Volcano.

You collected 2567 gold pieces.
You spent 378 gold pieces at shops.

Inventory:

Hand Weapons
 r - the +11 rapier of Qayc (weapon) {flame, rC- Str+4 Dex+8 Stlth+}
   (You found it on level 5 of the Dungeon)

   It burns those it strikes, dealing additional fire damage.
   Str:       It affects your strength (+4).
   Dex:       It affects your dexterity (+8).
   rC:        It makes you vulnerable to cold.
   Stlth:     It makes you more stealthy.
 D - the +9 quick blade "Komichiph" {vamp, rF+ rC+}
   (You acquired it on level 4 of the Dungeon)

   It occasionally heals its wielder for a portion of the damage dealt when it
   wounds a living foe.
   rF:        It protects you from fire.
   rC:        It protects you from cold.
Missiles
 R - 9 throwing nets
 Z - 3 curare-tipped darts (quivered)
Armour
 a - a scarf of repulsion
 g - a +4 barding (worn)
 h - +0 gold dragon scales
 n - the +2 hat "Epeid" (worn) {Str+4 Int+2}
   (You found it on level 1 of the Lair of Beasts)

   Str:       It affects your strength (+4).
   Int:       It affects your intelligence (+2).
 w - a +0 cloak (worn)
 y - a +1 kite shield of poison resistance (worn)
 S - a +3 leather armour of willpower (worn)
 U - a +2 pair of gloves of dexterity (worn)
 V - the +5 kite shield "Uptiaz Ahaf" {Will+ Int-3 Dex+6}
   (You acquired it on level 4 of the Spider Nest)

   Int:       It affects your intelligence (-3).
   Dex:       It affects your dexterity (+6).
   Will:      It increases your willpower.
Jewellery
 b - a ring of willpower
 i - a ring of magical power
 j - a ring of fire
 E - a ring of flight (left hand)
 I - a ring of positive energy
 K - a ring of wizardry
 M - an amulet of regeneration (around neck)
 N - a ring of positive energy
 Q - a ring of ice
 W - a ring of protection from cold
 X - a +6 ring of dexterity (right hand)
Wands
 l - a wand of mindburst (7)
 x - a wand of flame (85)
 z - a wand of digging (6) {@v3}
 A - a wand of iceblast (20) {@v2}
 L - a wand of acid (20) {@v1}
Scrolls
 c - 4 scrolls of blinking {@r4}
 k - 6 scrolls of fear
 o - 3 scrolls of fog
 s - 7 scrolls of immolation
 t - a scroll of holy word
 u - 2 scrolls of magic mapping {@r5}
 F - a scroll of teleportation {@r3}
 J - 3 scrolls of summoning
 O - a scroll of vulnerability
Potions
 d - 3 potions of resistance {@q5}
 e - 6 potions of heal wounds {@q2}
 f - 6 potions of curing {@q1}
 m - 3 potions of invisibility
 q - 5 potions of might {@q3}
 v - 6 potions of mutation
 B - 3 potions of flight
 G - 8 potions of brilliance
 H - 5 potions of lignification
 P - 3 potions of ambrosia
 Y - 2 potions of magic
Miscellaneous
 T - a tin of tremorstones (2/2)


   Skills:
 * Level 8.9 Fighting
 - Level 12.5 Short Blades
 - Level 3.9 Axes
 - Level 3.0 Throwing
 + Level 8.5 Armour
 + Level 5.6 Dodging
 - Level 3.0 Stealth
 + Level 9.8 Shields
 - Level 8.0 Spellcasting
 * Level 6.5 Conjurations
 - Level 6.0 Summonings
 - Level 13.0 Translocations
 * Level 7.3 Transmutations
 * Level 14.0 Invocations
 - Level 3.0 Evocations


You had 7 spell levels left.
You knew the following spells:

 Your Spells              Type           Power      Damage    Failure   Level
a - Blink                 Tloc           100%       N/A       1%          2
b - Manifold Assault      Tloc           78%        N/A       1%          5
c - Teleport Other        Tloc           78%        N/A       1%          3
d - Summon Forest         Summ/Tloc      33%        N/A       3%          5
e - Dispersal             Tloc           39%        N/A       4%          6
f - Irradiate             Conj/Tmut      28%        3d23      11%         5

Your spell library contained the following spells:

 Spells                   Type           Power      Damage    Failure   Level
 Gell's Gravitas          Tloc           78%        N/A       1%          3
 Lesser Beckoning         Tloc           78%        N/A       1%          3
 Passwall                 Tmut/Erth      30%        N/A       2%          2
 Stone Arrow              Conj/Erth      68%        3d11      5%          3
 Freeze                   Ice            52%        1d7       7%          1
 Sandblast                Erth           26%        2d8       7%          1
 Slow                     Hex            52%        N/A       7%          1
 Blade Hands              Tmut           28%        N/A       10%         5
 Ice Form                 Ice/Tmut       37%        N/A       16%         4
 Hailstorm                Conj/Ice       34%        3d9       19%         4
 Frozen Ramparts          Ice            26%        1d4       21%         3
 Inner Flame              Hex/Fire       13%        N/A       21%         3
 Summon Ice Beast         Ice/Summ       33%        N/A       21%         4
 Fireball                 Conj/Fire      17%        3d9       45%         5
 Cause Fear               Hex            6%         N/A       56%         4
 Eringya's Noxious Bog    Tmut/Pois      18%        N/A       94%         6
 Conjure Ball Lightning   Conj/Air       17%        3x3d6     95%         6
 Dragon Form              Tmut           28%        N/A       96%         7
 Summon Hydra             Summ           25%        N/A       99%         7
 Discord                  Hex            6%         N/A       100%        8


Dungeon Overview and Level Annotations

Branches:
Dungeon (15/15)            Temple (1/1) D:7            Lair (6/6) D:10
 Shoals (0/4) Lair:3       Spider (4/4) Lair:4        Slime (0/5) Lair:5
    Orc (2/2) D:9             Elf (0/3) Orc:2        Vaults (0/5) D:14
 Depths (0/4) D:15         Bailey (visited)         Volcano (visited)

Altars:
Ashenzari
Cheibriados
Dithmenos
Elyvilon
Fedhas
Gozag
Hepliaklqana
Kikubaaqudgha
Makhleb
Nemelex Xobeh
Okawaru
Qazlal
Ru
Sif Muna
Trog
Uskayaw
Vehumet
Wu Jian
Xom
Yredelemnul
Zin
The Shining One
Jiyva

Shops:
D:4 ?(([   D:9 (   Orc:2 [**!

Annotations:
D:2 exclusion: adder
D:3 exclusion: downstairs, Pikel
Spider:4 browni3141's ghost, adept DrCK


Innate Abilities, Weirdness & Mutations

You are completely covered in rugged brown scales. (AC +3, +7% HP)
You have supernaturally acute eyesight. (SInv)
Armour fits poorly on your strangely shaped body.
You can roll at nearby foes to attack.
You have a long armoured tail.
You curl defensively after being hit. (AC +7*)


Message History

You block browni3141's ghost's attack.
You puncture browni3141's ghost! You burn browni3141's ghost.
Your tail-slap misses browni3141's ghost.
Browni3141's ghost is lightly damaged.
Browni3141's ghost closely misses you.
You puncture browni3141's ghost! You burn browni3141's ghost.
You tail-slap browni3141's ghost!
Browni3141's ghost is moderately damaged.
You closely miss browni3141's ghost.
Browni3141's ghost is moderately damaged.
Browni3141's ghost hits you but does no damage.
You puncture browni3141's ghost! You burn browni3141's ghost.
Browni3141's ghost is moderately damaged.
You block browni3141's ghost's attack.
You impale browni3141's ghost!! You burn browni3141's ghost!
You tail-slap browni3141's ghost!
Browni3141's ghost is heavily damaged.
You impale browni3141's ghost!! You burn browni3141's ghost.
Browni3141's ghost is severely damaged.
Browni3141's ghost hits you but does no damage.
You miss browni3141's ghost.
Your tail-slap misses browni3141's ghost.
Browni3141's ghost is severely damaged.
Browni3141's ghost hits you. Browni3141's ghost burns you.
You impale browni3141's ghost!! You burn browni3141's ghost.
You tail-slap browni3141's ghost.
Browni3141's ghost is severely damaged.
You miss browni3141's ghost.
Browni3141's ghost is severely damaged.
Browni3141's ghost gestures at you while chanting.
The bolt of lightning hits you!!!
* * * LOW HITPOINT WARNING * * *
The bolt of lightning hits you!!
* * * LOW HITPOINT WARNING * * *
You hit browni3141's ghost. You burn browni3141's ghost.
You tail-slap browni3141's ghost.
Browni3141's ghost is severely damaged.
Browni3141's ghost casts a spell at you.
The bolt of lightning hits you!!
You die...

#...## ##.....###...##.^.#######
##..#####.....##⌠##...###..###.##
##..........##...##....#.^#^..(.
###...###..##.....##...#^....^..
##^...####..#⌠.?♣!.⌠#...##..#####
....### #...##.....##...(#..#.###
###..####....##...##.....##...#.#
#....#^.#...##W##..[<###.#....#
###....###...#@#...[[#...###..#
##.^####.........#.....###..^#
#..###..........###..#.^^##...
#..#....##..##....##.#.^....##
#......###^.###...^###^.#..##.
##...##..##..####...#..^####..
#####^.##....##..# #^^.##.##..##.
.♣.#####..####...# ###..###^..##.
.#.#.....=.^##.^## #..##....)#.


You could see browni3141's ghost.

Vanquished Creatures
  Gastronok (D:9)
  Kirke (Spider:3)
  A tengu reaver (D:13)
  6 emperor scorpions (Spider:4)
  5 ghost moths
  An orc warlord (Orc:2)
  5 broodmothers
  The ghost of siradein the Cleaver, a journeyman MiGl of Makhleb (Lair:4)
  5 entropy weavers
  A red draconian (Volcano)
  3 spark wasps (Spider:4)
  A dire elephant (D:15)
  A fire dragon (Lair:6)
  10 hydras
  6 boulder beetles
  Fannar (Lair:2)
  A catoblepas (Lair:6)
  6 vault guards (D:14)
  A rakshasa (D:14)
  4 jorogumos
  An ogre mage (Volcano)
  8 two-headed ogres
  3 centaur warriors (D:14)
  3 orc high priests (Orc:2)
  4 death yaks (Lair:5)
  2 tengu warriors (D:13)
  A fire crab (shapeshifter) (D:13)
  A spectral death yak (Lair:4)
  4 pharaoh ants
  6 steelbarb worms
  A sun moth (Spider:4)
  15 orb spiders
  3 lindwurms
  A wizard (D:14)
  5 orc knights (Orc:2)
  A deep elf pyromancer (D:15)
  4 orc sorcerers (Orc:2)
  3 cyclopes
  16 wolf spiders
  5 ugly things
  6 moths of wrath
  Maurice (Orc:2)
  12 black mambas
  2 molten gargoyles (Lair:6)
  5 torpor snails
  7 cane toads
  2 gargoyles
  A kobold demonologist (D:12)
  2 unseen horrors
  11 demonic crawlers
  13 komodo dragons
  An efreet (D:15)
  A rime drake (Lair:5)
  2 tengu conjurers (D:13)
  A polar bear (Lair:2)
  7 trolls
  A queen bee (D:9)
  23 meliai
  20 tarantellas
  6 blink frogs
  8 dream sheep
  4 slime creatures (D:10)
  A meliai zombie (D:10)
  A centaur simulacrum (D:14)
  38 jumping spiders
  18 culicivoras
  A shadow (D:12)
  A wraith (D:11)
  5 wyverns
  2 vampires (D:11)
  4 basilisks
  44 yaks
  A death yak simulacrum (Lair:4)
  4 fire bats (D:8)
  4 hogs (Spider:3)
  60 redbacks
  5 steam dragons
  5 vampire mosquitoes
  Edmund (D:3)
  5 wargs
  An acid dragon (D:13)
  5 hell hounds
  A spectral cane toad (Lair:4)
  16 water moccasins
  A hydra simulacrum (Lair:4)
  21 orc warriors
  8 black bears
  5 ice beasts
  A sky beast (D:6)
  10 necrophages
  19 wolves
  12 centaurs
  An ogre (Orc:2)
  4 lemures (D:4)
  3 phantoms
  3 kobold brigands
  Blork the orc (D:4)
  9 bullfrogs
  9 gnoll sergeants (Bailey)
  A wyvern zombie (D:7)
  A scorpion (D:6)
  17 killer bees
  A water moccasin skeleton (D:6)
  A dream sheep simulacrum (Lair:4)
  4 wights (D:6)
  10 howler monkeys
  5 electric eels
  3 centaur zombies
  6 lava snakes
  10 gnoll shamans
  A bullfrog zombie (D:5)
  8 hounds
  2 jellies
  2 orc priests
  Jessica (D:11)
  2 iguanas
  10 orc wizards
  A scorpion zombie (D:4)
  A hound skeleton (D:4)
  A howler monkey zombie (D:8)
  26 gnolls
  10 adders
  A white imp (D:5)
  3 ufetubi
  5 worms
  2 dart slugs
  38 orcs
  6 ball pythons
  2 bats
  10 endoplasms
  4 giant cockroaches
  7 goblins
  7 hobgoblins
  A quokka (D:3)
  2 frilled lizards (D:3)
  29 kobolds
  3 rats
  A fire vortex (D:8)
  A plant (Lair:1)
860 creatures vanquished.

Vanquished Creatures (collateral kills)
  A ghost moth (Spider:4)
  Aizul (Spider:1)
  2 vault guards (D:14)
  A catoblepas (Lair:3)
  3 hydras
  3 boulder beetles
  A death yak (Lair:5)
  An orc knight (Orc:2)
  2 orc sorcerers
  A manticore (D:15)
  A black mamba (Lair:2)
  A cane toad (Lair:2)
  A komodo dragon (Lair:6)
  A meliai (D:15)
  A culicivora (Spider:3)
  A wyvern (Lair:6)
  A steam dragon (Lair:6)
  2 vampire mosquitoes (D:15)
  7 orc warriors
  A boulder beetle simulacrum (Lair:4)
  An ogre (Orc:1)
  4 centaurs
  5 lava snakes
  8 orc priests
  5 orc wizards
  15 orcs (Orc:1)
71 creatures vanquished.

Vanquished Creatures (others)
  A torpor snail (shapeshifter) (D:14)
  A human (Spider:3)
  An orc wizard (Orc:2)
  An orc (D:8)
  2 bushes (D:7)
  2 fire vortices (D:8)
  25 fungi
  56 plants
  10 snaplasher vines
99 creatures vanquished.

Grand Total: 1030 creatures vanquished

Notes
Turn   | Place    | Note
-------+----------+-------------------------------------------
     0 | D:1      | iguanaiguana the Palentonga Warper began the quest for the
                  | Orb.
     0 | D:1      | Reached XP level 1. HP: 17/17 MP: 3/3
   254 | D:1      | Reached skill level 1 in Armour
   254 | D:1      | Reached XP level 2. HP: 23/23 MP: 5/5
   602 | D:1      | Found a faded altar of an unknown god.
  1058 | D:2      | Reached XP level 3. HP: 16/28 MP: 6/6
  1866 | D:2      | Reached XP level 4. HP: 29/35 MP: 7/7
  2233 | D:3      | Noticed a necrophage
  2247 | D:3      | Killed a necrophage
  2248 | D:3      | Reached XP level 5. HP: 38/40 MP: 8/8
  3100 | D:3      | Learned a level 2 spell: Blink
  3137 | D:4      | Noticed Edmund
  3214 | D:4      | Noticed a phantom
  3398 | D:4      | Noticed Pikel
  3400 | D:4      | Noticed a lemure
  3434 | D:4      | Noticed a phantom
  3447 | D:5      | Entered Level 5 of the Dungeon
  3479 | D:5      | Noticed a phantom
  3486 | D:5      | Identified the +11 rapier of Qayc {flame, rC- Str+4 Dex+8
                  | Stlth+}
  3498 | D:5      | Reached XP level 6. HP: 22/47 MP: 9/9
  3502 | D:5      | Reached skill level 1 in Short Blades
  3962 | D:5      | Reached skill level 5 in Translocations
  3962 | D:5      | Gained mutation: You curl defensively after being hit. (AC
                  | +7*) [Palentonga growth]
  3962 | D:5      | Reached XP level 7. HP: 53/53 MP: 10/10
  4185 | D:5      | Reached skill level 5 in Short Blades
  4578 | D:6      | Reached XP level 8. HP: 51/59 MP: 11/11
  5529 | D:7      | Found a staircase to the Ecumenical Temple.
  5541 | D:7      | Identified the +8 hunting sling "Sazuemmipt" {vorpal,
                  | +Blink Str+7 Dex+3}
  5552 | Temple   | Entered the Ecumenical Temple
  5761 | Temple   | Became a worshipper of Cheibriados the Contemplative
  5860 | D:6      | Reached XP level 9. HP: 45/65 MP: 12/12
  5999 | D:7      | Reached skill level 10 in Short Blades
  6069 | D:7      | Reached * piety under Cheibriados
  6178 | D:7      | Found a shimmering altar of Xom.
  6178 | D:7      | Found a shimmering altar of Xom.
  6178 | D:7      | Found a shimmering altar of Xom.
  6349 | D:7      | Found a shimmering altar of Xom.
  6351 | D:7      | Found a shimmering altar of Xom.
  6547 | D:7      | Found a blossoming altar of Fedhas.
  6805 | D:4      | Noticed Blork the orc
  6862 | D:4      | Killed Blork the orc
  6892 | D:4      | Found Dokil's Antique Armour Boutique.
  7037 | D:4      | Found an ancient bone altar of Kikubaaqudgha.
  7076 | D:4      | Found Gastriuwo's Weapon Shoppe.
  7274 | D:3      | Killed Edmund
  7338 | D:4      | Found Piwemine's Magic Scroll Emporium.
  7341 | D:4      | Bought a scroll of enchant armour for 82 gold pieces
  7341 | D:4      | Bought a scroll of blinking for 82 gold pieces
  7341 | D:4      | Bought a scroll of summoning for 104 gold pieces
  7419 | D:4      | Found a sacrificial altar of Ru.
  7637 | D:4      | You fall into a shaft and drop 3 floors!
  7725 | D:4      | Reached ** piety under Cheibriados
  7789 | D:4      | Identified a scroll of acquirement
  7794 | D:4      | Acquired the +9 quick blade "Komichiph" {vamp, rF+ rC+}
  7804 | D:4      | Found Cezaif's Antique Weapon Shoppe.
  7846 | D:5      | Reached XP level 10. HP: 71/71 MP: 13/13
  8048 | D:8      | Found a bloodstained altar of Trog.
  8069 | D:8      | Reached skill level 1 in Invocations
  8095 | D:8      | Found a burning altar of Makhleb.
  8096 | D:8      | Found a stormy altar of Qazlal.
  8156 | D:8      | Reached skill level 2 in Invocations
  8296 | D:8      | Noticed a six-headed hydra
  8311 | D:8      | Killed a six-headed hydra
  8312 | D:8      | Reached skill level 3 in Invocations
  8551 | D:8      | Reached *** piety under Cheibriados
  8573 | D:8      | Reached skill level 4 in Invocations
  8771 | D:9      | Found Kuhopse's Weapon Emporium.
  8788 | D:9      | Reached skill level 5 in Armour
  8892 | D:9      | Found a flagged portal.
  8904 | Bailey   | Entered a bailey
  8981 | Bailey   | Reached skill level 5 in Invocations
  8984 | Bailey   | Reached **** piety under Cheibriados
  8991 | Bailey   | Learned a level 5 spell: Manifold Assault
  8995 | Bailey   | Learned a level 3 spell: Teleport Other
  9821 | D:9      | Noticed Gastronok
  9835 | D:9      | Reached ***** piety under Cheibriados
  9862 | D:9      | Killed Gastronok
  9863 | D:9      | Reached XP level 11. HP: 81/81 MP: 14/14
 10038 | D:9      | Found a staircase to the Orcish Mines.
 10685 | D:9      | Found a hazy altar of Hepliaklqana.
 10972 | D:10     | Entered Level 10 of the Dungeon
 11091 | D:10     | Found a staircase to the Lair.
 11240 | D:10     | Reached skill level 10 in Translocations
 11574 | D:10     | Found a radiant altar of Vehumet.
 11963 | Lair:1   | Entered Level 1 of the Lair of Beasts
 12406 | Lair:1   | Reached XP level 12. HP: 88/88 MP: 18/18
 12472 | Lair:1   | Learned a level 5 spell: Summon Forest
 12604 | Lair:1   | Found a burning altar of Makhleb.
 13107 | Lair:1   | Found a runed translucent door.
 13148 | Lair:1   | Reached skill level 1 in Summonings
 13159 | Lair:1   | Found a runed translucent gate.
 13159 | Lair:1   | Identified the +2 hat "Epeid" {Str+4 Int+2}
 13160 | Lair:1   | Identified the +7 whip of the Reaper {spect, rF+ Str+2
                  | Dex-3}
 13160 | Lair:1   | Noticed a boulder beetle
 13160 | Lair:1   | Noticed a boulder beetle
 13174 | Lair:1   | Found a runed translucent gate.
 13174 | Lair:1   | Found a runed translucent gate.
 13174 | Lair:1   | Found a runed translucent gate.
 13174 | Lair:1   | Found a runed translucent gate.
 13174 | Lair:1   | Noticed a boulder beetle
 13175 | Lair:1   | Found a runed translucent gate.
 13185 | Lair:1   | Reached skill level 5 in Spellcasting
 13322 | Lair:2   | Learned a level 6 spell: Dispersal
 13450 | Lair:2   | Noticed Fannar
 13470 | Lair:2   | Killed Fannar
 13744 | Lair:2   | Reached ****** piety under Cheibriados
 14561 | Lair:3   | Noticed a boulder beetle
 14601 | Lair:3   | Killed a boulder beetle
 14602 | Lair:3   | Reached skill level 6 in Invocations
 14675 | Lair:3   | Reached skill level 7 in Invocations
 14725 | Lair:3   | Noticed a catoblepas
 14733 | Lair:3   | Killed a catoblepas
 14734 | Lair:3   | Found a staircase to the Shoals.
 14967 | Lair:3   | Reached skill level 8 in Invocations
 15224 | Lair:3   | Noticed a five-headed hydra
 15244 | Lair:3   | Killed a five-headed hydra
 15327 | Lair:3   | Reached skill level 9 in Invocations
 15753 | Lair:4   | You fall into a shaft and drop 2 floors!
 15753 | Lair:6   | Entered Level 6 of the Lair of Beasts
 15883 | Lair:5   | Reached skill level 10 in Invocations
 15883 | Lair:5   | Reached XP level 13. HP: 77/94 MP: 22/22
 15899 | Lair:5   | Reached skill level 1 in Throwing
 16906 | Lair:5   | Found a viscous altar of Jiyva.
 16906 | Lair:5   | Found a staircase to the Slime Pits.
 17543 | Lair:4   | Found a hole to the Spider Nest.
 17634 | Lair:4   | Found a runed translucent gate.
 17634 | Lair:4   | Found a runed translucent gate.
 17634 | Lair:4   | Found a runed translucent gate.
 17634 | Lair:4   | Noticed siradein's ghost (journeyman MiGl)
 18914 | Lair:6   | Got Sif Muna's Reference Book on Lethal Curses
 19269 | Lair:5   | Reached skill level 11 in Invocations
 19461 | Lair:6   | Reached skill level 5 in Fighting
 19487 | Lair:6   | Upgraded the game from 0.29-a0-214-g17f627cfee to
                  | 0.29-a0-231-g945431f764
 19636 | Lair:6   | Noticed a fire dragon
 19640 | Lair:6   | Reached XP level 14. HP: 104/104 MP: 10/24
 20000 | Lair:6   | Reached skill level 1 in Stealth
 20062 | Lair:6   | Found a large runed translucent door.
 20063 | Lair:6   | Found a large runed translucent door.
 20556 | D:11     | Reached skill level 5 in Summonings
 21318 | D:11     | Found a sparkling altar of Nemelex Xobeh.
 21318 | D:11     | Noticed Jessica
 21320 | D:11     | Killed Jessica
 22573 | D:13     | Reached skill level 12 in Invocations
 22686 | D:13     | Noticed a tengu reaver
 22686 | D:13     | Found the +0 staff of Battle
 22694 | D:13     | Killed a tengu reaver
 22695 | D:13     | Reached skill level 1 in Shields
 23089 | Orc:1    | Entered Level 1 of the Orcish Mines
 23394 | Orc:2    | Entered Level 2 of the Orcish Mines
 23419 | Orc:2    | Found a dark tunnel.
 23439 | Volcano  | Entered a volcano
 23549 | Volcano  | Paralysed by an ogre mage for 5 turns
 24038 | Orc:2    | Reached skill level 5 in Shields
 24304 | Orc:2    | Found a staircase to the Elven Halls.
 24321 | Orc:2    | Noticed Maurice
 24325 | Orc:2    | Noticed an orc warlord
 24327 | Orc:2    | Killed Maurice
 24353 | Orc:2    | Killed an orc warlord
 24601 | Orc:2    | Reached XP level 15. HP: 99/112 MP: 25/25
 24737 | Orc:2    | Found Pukoezeo's Distillery.
 24742 | Orc:2    | Found Tuuwetet's Assorted Antiques.
 24749 | Orc:2    | Found Qone Qoa's Armour Boutique.
 24751 | Orc:2    | Found Egetuuse's General Store.
 24860 | Orc:2    | Bought a potion of heal wounds for 55 gold pieces
 24860 | Orc:2    | Bought a potion of heal wounds for 55 gold pieces
 25541 | D:14     | Found a gate to the Vaults.
 25578 | D:14     | Found a bloodstained altar of Trog.
 25784 | D:14     | Found an ornate altar of the Wu Jian Council.
 26944 | D:15     | Entered Level 15 of the Dungeon
 27092 | D:15     | Reached skill level 1 in Evocations
 27376 | D:15     | Found a white marble altar of Elyvilon.
 27545 | D:15     | Found a staircase to the Depths.
 28009 | Spider:1 | Entered Level 1 of the Spider Nest
 28263 | Spider:1 | Reached skill level 1 in Conjurations
 28293 | Spider:1 | Reached skill level 1 in Transmutations
 28774 | Spider:1 | Learned a level 5 spell: Irradiate
 28867 | Spider:1 | Noticed Aizul
 28897 | Spider:1 | Killed Aizul
 30081 | Lair:1   | Reached XP level 16. HP: 108/120 MP: 17/27
 32112 | Spider:3 | Reached skill level 13 in Invocations
 32260 | Spider:3 | Identified the +1 scale mail of the Trees {*Slow Regen+
                  | Str+9}
 32864 | Spider:3 | Noticed Kirke
 32897 | Spider:3 | Killed Kirke
 33467 | Lair:4   | Killed siradein's ghost
 33468 | Lair:4   | Reached skill level 5 in Dodging
 33476 | Lair:4   | Reached skill level 5 in Conjurations
 33476 | Lair:4   | Reached skill level 5 in Transmutations
 33476 | Lair:4   | Reached XP level 17. HP: 87/128 MP: 7/29
 33675 | Spider:4 | Entered Level 4 of the Spider Nest
 34207 | Spider:4 | Noticed browni3141's ghost (adept DrCK)
 34210 | Spider:4 | Found a runed translucent door.
 34215 | Spider:4 | Acquired the +5 kite shield "Uptiaz Ahaf" {Will+ Int-3
                  | Dex+6}
 34842 | Spider:4 | Reached XP level 18. HP: 110/139 MP: 15/30
 34985 | Spider:4 | Upgraded the game from 0.29-a0-231-g945431f764 to
                  | 0.29-a0-233-g1125b37a9b
 35260 | Spider:4 | Found a runed translucent door.
 36163 | Spider:4 | Reached skill level 14 in Invocations
 36494 | Spider:4 | Got a gossamer rune of Zot
 36569 | Spider:4 | Killed from afar by browni3141's ghost

Illustrated notes

Levels and vault maps discovered:
D:1:      dpeg_arrival_signposts, layout_basic,
          shapermc_ecumenical_altar_starsandcircs
D:2:      layout_rooms, nicolae_elevator_lobby_asterisk
D:3:      layout_loops_ring
D:4:      layout_rooms, nicolae_ru_sacrificial_ziggurat,
          kiku_gazebo_pond_becter, serial_shops, nicolae_shop_behind_doors,
          nicolae_lakefront_shop, shop_fountains, nicolae_lakefront_shop,
          serial_bayou_ford_a, columned_hall_lemuel, minmay_goblin_kobold_house,
          uniq_edmund, uniq_pikel, uniq_blork_the_orc
D:5:      layout_loops_ring, eino_small_chamber_without_monster,
          kennysheep_generic_room_10
D:6:      layout_loops_ring
D:7:      layout_rooms, xom_redecorated, fedhas_altar_decomposition,
          temple_pool_b
D:8:      layout_basic, lemuel_round_altar,
          chequers_temple_overflow_statue_of_worship, serial_bayou_pond_a,
          hangedman_incinerator
D:9:      layout_long_grid, worldfamousw_hep_ancestral_shrine,
          minmay_orc_entry_guard_dogs, serial_shops, shop, enter_bailey_4,
          hive_lemuel, uniq_gastronok
D:10:     layout_basic, marbit_many_paths, erik_lair_island
D:11:     layout_loops_corners, nemelex_lonely_heart_becter
D:12:     layout_roguey
D:13:     layout_rooms, hellmonk_guarded_unrand_staff_of_battle
D:14:     layout_layer_cave, erik_vaults_2, trog_three_pillars_becter,
          nicolae_wu_jian_immortal_techniques
D:15:     hangedman_depths_entry_try_elsewhere_first, layout_rooms,
          nicolae_elyvilon_temple_path
Temple:   nicolae_temple_figure_eight
Lair:1:   gammafunk_indiana_jones, layout_regular_city, serial_rivers,
          chequers_serial_rivers_small_a, chequers_serial_rivers_micro_a,
          chequers_serial_rivers_micro_e, chequers_serial_rivers_micro_e,
          chequers_serial_rivers_micro_b, basic_altar
Lair:2:   layout_gridlike, nicolae_lair_grove_arrangements, hibernation_bobbens,
          uniq_fannar
Lair:3:   layout_regular_city, minmay_shoals_entry_centaurs,
          beast_lair_carwin_3, infiniplex_staircase_pool, grunt_megastairs_2
Lair:4:   layout_layer_cave, spider_nest_entry_webs, gammafunk_ghost_necromancy,
          serial_bayou_shore_b, lemuel_fruit_tree
Lair:5:   layout_cave_pods, slime_altar_1
Lair:6:   cheibrodos_lair_end_hotspot, layout_cellular_growth
Spider:1: layout_chambers, hangedman_spider_tarantella_strand, uniq_aizul
Spider:2: nicolae_spider_jumping_over_cracks [nicolae_spider_jumping_sub_grid,
          nicolae_spider_jumping_sub_lanes, nicolae_spider_jumping_sub_no_exit,
          nicolae_spider_jumping_sub_grid]
Spider:3: layout_spider_delve, nicolae_spider_webs_and_nodes, uniq_kirke
Spider:4: guppyfry_spider_rune, hellmonk_ghost_happy_afterlife,
          nicolae_spider_orb_run
Orc:1:    layout_caves
Orc:2:    st_orc_elflike, layout_caves, lightli_volcano_entry_magma_tube,
          nicolae_orc_rockfall, uniq_maurice

Skill      XL: |  1  2  3  4  5  6  7  8  9 10 11 12 13 14 15 16 17 18 |
---------------+-------------------------------------------------------+-----
Armour         | 1 2 3 5 6 7 8 |  8.5
Axes           | 3 |  3.9
Translocations | 4 5 8 11 12 13 | 13.0
Short Blades   | 2 6 9 12 | 12.5
Invocations    | 5 10 11 12 13 14 | 14.0
Fighting       | 3 5 6 7 8 |  8.9
Spellcasting   | 4 6 7 8 |  8.0
Summonings     | 4 5 6 |  6.0
Throwing       | 3 |  3.0
Dodging        | 3 4 5 |  5.6
Stealth        | 1 2 3 |  3.0
Shields        | 6 9 |  9.8
Evocations     | 2 3 |  3.0
Conjurations   | 2 5 6 |  6.5
Transmutations | 2 5 6 7 |  7.3

Action                   |  1- 3 |  4- 6 |  7- 9 | 10-12 | 13-15 | 16-18 || total
-------------------------+-------+-------+-------+-------+-------+-------++-------
Melee: Hand axe          |   100 |    81 |       |       |       |       ||   181
       Tailslap          |     7 |    20 |    32 |   208 |   388 |   319 ||   974
       Punch             |     1 |       |     3 |    10 |    14 |       ||    28
       Rapier            |       |    16 |   229 |       |    12 |    79 ||   336
       Quick blade       |       |       |     4 |  1003 |  1898 |  1174 ||  4079
Throw: Boomerang         |     2 |       |       |       |     1 |       ||     3
       Dart              |       |       |       |       |     8 |       ||     8
 Cast: Blink             |       |     2 |     2 |     1 |    10 |     2 ||    17
       Teleport Other    |       |       |       |    11 |       |       ||    11
       Manifold Assault  |       |       |       |    29 |   103 |    50 ||   182
       Summon Forest     |       |       |       |     9 |    23 |     9 ||    41
       Irradiate         |       |       |       |       |       |     3 ||     3
Invok: Temporal Distorti |       |       |       |     1 |       |       ||     1
       Slouch            |       |       |       |     1 |    14 |    17 ||    32
       Bend Time         |       |       |       |     1 |     6 |       ||     7
 Abil: Rolling Charge    |    20 |     8 |    37 |    85 |   113 |    57 ||   320
Evoke: Wand              |       |       |       |     1 |     6 |     1 ||     8
       Tin of tremorston |       |       |       |       |     1 |       ||     1
  Use: Scroll            |     4 |     5 |    10 |    10 |     7 |     9 ||    45
       Potion            |     3 |       |       |     1 |     2 |     5 ||    11
 Stab: Distracted        |       |       |       |     2 |     8 |     4 ||    14
       Sleeping          |       |       |       |       |     2 |     1 ||     3
       Petrified         |       |       |       |       |     1 |       ||     1
       Invisible         |       |       |       |       |       |     2 ||     2
Armor: Skin              |    61 |     5 |       |       |       |       ||    66
       Scale mail        |       |    35 |    31 |       |     9 |       ||    75
       Ring mail         |       |    24 |       |       |       |       ||    24
       Robe              |       |       |    94 |   118 |       |       ||   212
       Leather armour    |       |       |       |   200 |   544 |   465 ||  1209
       Gold dragon scale |       |       |       |       |    89 |       ||    89
Dodge: Dodged            |    36 |    42 |    88 |   330 |   357 |   300 ||  1153
Block: Kite shield       |       |       |       |       |   490 |   690 ||  1180

Table legend: (Time is in decaauts)
 A = Elapsed time spent in this place.
 B = Non-inter-level travel time spent in this place.
 C = Inter-level travel time spent in this place.
 D = Time resting spent in this place.
 E = Time spent auto-exploring this place.
 F = Levels seen in this place.
 G = Mean time per level.
                   A        B        C        D        E       F      G
               +--------+--------+--------+--------+--------+-----+--------+
         Total |  51342 |  43453 |   7889 |   2695 |  32353 |  30 | 1711.4 |
       Dungeon |  21685 |  18762 |   2923 |   1536 |  14190 |  15 | 1445.7 |
        Temple |    241 |    211 |     30 |      0 |    204 |   1 |  241.0 |
          Lair |  14442 |  11925 |   2517 |    558 |   9590 |   6 | 2407.0 |
   Spider Nest |  10838 |   8973 |   1865 |    515 |   6427 |   4 | 2709.5 |
  Orcish Mines |   2713 |   2161 |    552 |      0 |   1606 |   2 | 1356.5 |
        Bailey |    951 |    951 |      0 |     85 |    173 |   1 |  951.0 |
       Volcano |    470 |    470 |      0 |      0 |    161 |   1 |  470.0 |
               +--------+--------+--------+--------+--------+-----+--------+

Top non-repeatable levels by time:
Spider:1: 3063 daAuts
Spider:4: 3003 daAuts
  Lair:6: 2832 daAuts
  Lair:4: 2603 daAuts
Spider:3: 2590 daAuts
  Lair:5: 2502 daAuts
    D:14: 2484 daAuts
  Lair:1: 2483 daAuts
  Lair:2: 2218 daAuts
Spider:2: 2180 daAuts
     D:9: 2151 daAuts
    D:11: 2036 daAuts
  Lair:3: 1801 daAuts
    D:10: 1735 daAuts
   Orc:2: 1690 daAuts
